 Dungeon Crawl Stone Soup version 0.25-a0-705-ge9988fc0fb (webtiles) character file.

Game seed: 14251541312595988415, levelgen mode: deterministic

76 Anathary the Covert (level 4, 0/22 HPs)
             Began as a Spriggan Assassin on Apr 4, 2020.
             Slain by a worm (11 damage)
             ... on level 2 of the Dungeon.
             The game lasted 00:07:24 (1844 turns).

Anathary the Covert (Spriggan Assassin)             Turns: 1844, Time: 00:07:25

Health: 0/22       AC:  3    Str:  7    XL:     4   Next: 12%
Magic:  5/5        EV: 17    Int: 12    God:
Gold:   49         SH:  0    Dex: 18    Spells: 3/3 levels left

rFire    . . .     SeeInvis +   a - +2 dagger
rCold    . . .     Gourm    .   (shield restricted)
rNeg     . . .     Faith    .   b - +0 robe
rPois    .         Spirit   .   (helmet restricted)
rElec    .         Reflect  .   c - +0 cloak
rCorr    .         Harm     .   (gloves unavailable)
MR       .....                  (boots unavailable)
Stlth    ++++......             (no amulet)
HPRegen  0.07/turn              (no ring)
MPRegen  0.09/turn              (no ring)

@: very quick
A: very small, unfitting armour, see invisible, herbivore, speed 3, slow
metabolism 2
a: no special abilities


You were on level 2 of the Dungeon.
You were not hungry.

You visited 1 branch of the dungeon, and saw 2 of its levels.

You collected 49 gold pieces.

Inventory:

Hand Weapons
 a - a +2 dagger (weapon)
Missiles
 d - 8 poisoned darts (quivered)
 e - 9 curare-tipped darts
Armour
 b - a +0 robe (worn)
 c - a +0 cloak (worn)
Scrolls
 g - 4 scrolls of identify {unknown}
 h - a scroll of remove curse {unknown}
 j - a scroll of enchant weapon {unknown}
Potions
 i - a potion of brilliance {unknown}
Comestibles
 f - 2 rations


   Skills:
 - Level 1.5 Fighting
 + Level 3.0 Short Blades
 - Level 2.0 Throwing
 - Level 1.5 Dodging
 * Level 8.1 Stealth


You had 3 spell levels left.
You didn't know any spells.
Your spell library was empty.

Dungeon Overview and Level Annotations

Branches:
Dungeon (2/15)

Altars:
Qazlal


Innate Abilities, Weirdness & Mutations

You are very small and have problems with some larger weapons.
You are too small for most types of armour.
You have supernaturally acute eyesight. (SInv)
You are a herbivore.
You cover ground extremely quickly.
You need to consume almost no food.


Message History

You hit the worm.
The worm is heavily wounded.
The worm bites you.
You completely miss the worm.
The worm is moderately wounded.
You hit the worm.
The worm is heavily wounded.
The worm bites you.
You hit the worm.
The worm is heavily wounded.
You barely miss the worm.
The worm is heavily wounded.
The worm barely misses you.
You barely miss the worm.
The worm is heavily wounded.
You hit the worm.
The worm is severely wounded.
The worm bites you!
Ouch! That really hurt!
You die...

######### #.......#
#.......# #.......#
### #.......# #..
#.......# #.#
#...†...# #.#
##########...# #w#
§§§§§§§§§#...# #@#
§§§§§§§§§#...###.# ...
§§§§§§§§§#>......# ..#
§§§§§§§§§###.###.#....
§§§§######....####...
§§§8#_.........#...#
§§§§######.....#.#.#
§§§§§§§§§#).†.)....#
§§§§§§§§§#....#.#<.#
.#


You could see a worm.

Vanquished Creatures
  4 adders (D:2)
  2 worms (D:2)
  A giant cockroach (D:1)
  2 goblins (D:1)
  8 hobgoblins
  4 kobolds
  A quokka (D:2)
  8 bats
  3 rats
33 creatures vanquished.

Notes
Turn   | Place    | Note
-------+----------+-------------------------------------------
     0 | D:1      | Anathary the Spriggan Assassin began the quest for the Orb.
     0 | D:1      | Reached XP level 1. HP: 10/10 MP: 2/2
    30 | D:1      | Reached skill level 6 in Stealth
   199 | D:1      | Reached XP level 2. HP: 6/14 MP: 3/3
   749 | D:1      | Reached skill level 7 in Stealth
  1447 | D:2      | Reached XP level 3. HP: 18/18 MP: 4/4
  1761 | D:2      | Found a stormy altar of Qazlal.
  1809 | D:2      | Reached skill level 8 in Stealth
  1814 | D:2      | Reached XP level 4. HP: 22/22 MP: 5/5
  1844 | D:2      | Slain by a worm

Levels and vault maps discovered:
D:1:      tarquinn_simple_flora_water_c, layout_loops_ring
D:2:      layout_basic, nicolae_qazlal_eye_of_the_storm,
          nicolae_overflow_hidden_temple, minmay_cupped

Skill      XL: |  1  2  3 |
---------------+----------+-----
Stealth        | 6 7 8 |  8.1
Short Blades   | 3 |  3.0
Fighting       | |  1.5
Throwing       | |  2.0
Dodging        | |  1.5

Action                   |  1- 3 |  4- 6 || total
-------------------------+-------+-------++-------
Melee: Dagger            |   136 |    14 ||   150
 Stab: Distracted        |     1 |       ||     1
       Sleeping          |     7 |     1 ||     8
Armor: Robe              |    14 |     1 ||    15
Dodge: Dodged            |    91 |     2 ||    93

Table legend:
 A = Non-vault XP
 B = Vault XP
 C = Vault XP percentage of total XP
 D = Non-vault monster count
 E = Vault monster count
 F = Vault count percentage of total count
                 A         B        C        D         E       F
            +---------+---------+-------+---------+---------+-------
      Total |     102 |       7 |   6.4 |      30 |       3 |   9.1
            +---------+---------+-------+---------+---------+-------
        D:1 |      34 |       0 |   0.0 |      20 |       0 |   0.0
        D:2 |      68 |       7 |   9.3 |      10 |       3 |  23.1
            +---------+---------+-------+---------+---------+-------
